 Dungeon Crawl Stone Soup version 0.14-a0-1817-gb992dfe (webtiles) character file.

219 Jenx the Covered (level 4, -4/29 HPs)
             Began as a High Elf Skald on Jan 10, 2014.
             Slain by a gnoll
             ... wielding a +0,+0 halberd
              (6 damage)
             ... on Level 4 of the Dungeon.
             The game lasted 00:06:29 (2872 turns).

Jenx the Covered (High Elf Skald)                   Turns: 2872, Time: 00:06:29

HP  -4/29        AC  7     Str 11      XL: 4   Next: 35%
MP  11/11        EV  9     Int 16      God:
Gold 127         SH  0     Dex 15      Spells:  2 memorised,  4 levels left

rFire  . . .     SeeInvis .     a - +0 elf falchion
rCold  . . .     Clarity  .     j - +0 ring mail
rNeg   . . .     Conserve .     (no shield)
rPois  .         rCorr    .     (no helmet)
rElec  .         rRot     .     (no cloak)
SustAb . .       Spirit   .     y - +0 pair of gloves
rMut   .         Warding  .     (no boots)
Saprov . . .     Stasis   .     (no amulet)
                                (no ring)
                                (no ring)

@: slightly resistant to hostile enchantments, very unstealthy
A: no striking features
a: no special abilities


You were on level 4 of the Dungeon.
You were not hungry.

You visited 1 branch of the dungeon, and saw 4 of its levels.

You collected 127 gold pieces.

Inventory:

Hand weapons
 a - a +0,+0 elven falchion (weapon)
 b - a +0 blowgun
 n - a +2,+4 elven spear
 A - a +2,+2 mace of holy wrath
Missiles
 D - 6 poisoned needles
Armour
 j - a +0 ring mail (worn)
 x - a +0 elven leather armour
 y - a +0 pair of gloves (worn)
Comestibles
 d - a bread ration
 i - a meat ration
 B - a rotting chunk of worm flesh
 H - 3 chunks of hobgoblin flesh
Scrolls
 e - 4 scrolls of remove curse {unknown}
 g - a scroll of fear {unknown}
 h - 2 scrolls of magic mapping {unknown}
 k - a scroll of identify {unknown}
 l - a scroll of enchant armour {unknown}
 o - a scroll of curse weapon {unknown}
 q - a scroll of blinking {unknown}
 s - a scroll of immolation {unknown}
 u - a scroll of teleportation {unknown}
 I - a scroll of random uselessness {unknown}
Jewellery
 f - an uncursed ring of protection from magic {unknown}
 m - a +3 ring of protection {unknown}
Potions
 p - a potion of lignification {unknown}
 r - a potion of flight {unknown}
 t - a potion of berserk rage {unknown}
 v - a potion of mutation {unknown}
 w - a potion of speed {unknown}
 z - a potion of poison {unknown}
 C - a potion of resistance {unknown}
 F - a potion of restore abilities {unknown}
 G - a potion of paralysis {unknown}
Books
 c - a book of Battle

   Spells                             Type                      Level
   *Infusion                          Charms                       1
   Shroud of Golubria                 Charms/Translocation         2
   *Song of Slaying                   Charms                       2
   Spectral Weapon                    Hexes/Charms                 3
   Regeneration                       Charms/Necromancy            3


   Skills:
 - Level 2.0 Fighting
 - Level 2.4 Long Blades
 * Level 3.9 Armour
 - Level 1.1 Dodging
 - Level 2.4 Spellcasting
 - Level 3.6 Charms


You had 4 spell levels left.
You knew the following spells:

 Your Spells              Type           Power        Failure   Level  Hunger
a - Infusion              Chrm           ##....       10%         1    #......
b - Song of Slaying       Chrm           ##......     12%         2    ##.....


Dungeon Overview and Level Annotations

Branches:
Dungeon (4/16)
 Temple: D:4-7

Altars:
Fedhas

Annotations:
D:3 exclusion: centaur


Message History

The gnoll seems to speed up.
The gnoll hits you but does no damage. The hobgoblin hits you.
The gnoll barely misses you.
The quokka bites you but does no damage.
The gnoll hits you from afar with a spear.
Found 12 arrows.
The gnoll closely misses you.
Found 28 stones.
The gnoll hits you from afar with a spear.
Found a honeycomb.
The gnoll hits you from afar with a spear!
Found a bread ration.
An orc comes into view. It is wielding an orcish club.
The orc shouts!
The gnoll hits you with a flail.
* * * LOW HITPOINT WARNING * * *
The quokka bites you.
* * * LOW HITPOINT WARNING * * *
The gnoll closely misses you.
The gnoll hits you from afar with a halberd.
You die...

....≈≈≈ ... ....≈≈≈
....o.... ....≈≈≈
........... ....≈≈≈
≈............ ....≈≈≈
≈≈...........%. ....≈≈≈
≈≈.........%... ....###
#............. ....#
#.............. ....#
#....g@........ ....#
#...grg........ ....#
#....gg...(....
....#######.............
.........g.........(....
........................
.......................
......................
.....................


You could see a gnoll shaman, 4 gnolls, an orc, a quokka and a hobgoblin.

Vanquished Creatures
  4 adders
  An inept item mimic (D:2)
  A worm (D:4)
  A giant gecko (D:2)
  An ooze (D:1)
  A ball python (D:1)
  A bat zombie (D:3)
  2 giant cockroaches
  5 goblins
  4 hobgoblins
  2 kobolds
  A quokka (D:3)
  6 bats
  5 giant newts
  6 rats
41 creatures vanquished.

Notes
Turn   | Place    | Note
--------------------------------------------------------------
     0 | D:1      | Jenx, the High Elf Skald, began the quest for the Orb.
     0 | D:1      | Reached XP level 1. HP: 14/14 MP: 4/4
    41 | D:1      | Reached skill level 1 in Armour
   435 | D:1      | Reached XP level 2. HP: 19/19 MP: 6/6
   445 | D:1      | Learned a level 2 spell: Song of Slaying
   900 | D:2      | Reached XP level 3. HP: 16/24 MP: 5/8
  1932 | D:3      | HP: 1/24 [poisoned by a kobold]
  2226 | D:3      | Reached XP level 4. HP: 18/29 MP: 11/11
  2420 | D:3      | Found a blossoming altar of Fedhas.
  2420 | D:3      | Noticed a centaur
  2872 | D:4      | Slain by a gnoll

Action                   |  1- 3 |  4- 6 || total
-------------------------+-------+-------++-------
Melee: Falchion          |   116 |    45 ||   161
 Fire: Blowgun           |     1 |       ||     1
 Cast: Infusion          |     1 |     1 ||     2
